 Dungeon Crawl Stone Soup version 0.25-a0-420-g1cc7eeb0d1 (webtiles) character file.

Game seed: 362570769715190686, levelgen mode: deterministic

1815 Flubbersnuff the Cleaver (level 8, -2/74 HPs)
             Began as a Minotaur Berserker on Jan 18, 2020.
             Was a Priest of Trog.
             Slain by a gnoll (7 damage)
             ... on level 7 of the Dungeon.
             The game lasted 00:16:25 (5851 turns).

Flubbersnuff the Cleaver (Minotaur Berserker)       Turns: 5851, Time: 00:16:26

Health: -2/74      AC:  7    Str: 23    XL:     8   Next: 85%
Magic:  2/2        EV: 11    Int: 10    God:    Trog [***...]
Gold:   368        SH:  0    Dex: 11    Spells: 7/7 levels left

rFire    . . .     SeeInvis .   j - +1 war axe (antimagic)
rCold    . . .     Gourm    .   (no shield)
rNeg     . . .     Faith    .   q - +0 scale mail
rPois    .         Spirit   .   (helmet restricted)
rElec    .         Reflect  .   y - scarf {cloud immunity}
rCorr    .         Harm     .   (no gloves)
MR       .....                  (no boots)
Stlth    ..........             (no amulet)
HPRegen  0.22/turn              p - +6 ring of intelligence
MPRegen  0.08/turn              (no ring)

@: lethally poisoned (-2 -> -13), berserk cooldown, slowed, very slow
A: retaliatory headbutt, horns 2
a: Berserk, Trog's Hand, Renounce Religion


You were on level 7 of the Dungeon.
You worshipped Trog.
Trog was most pleased with you.
You were hungry.

You visited 1 branch of the dungeon, and saw 7 of its levels.

You collected 368 gold pieces.

Inventory:

Hand Weapons
 j - a +1 antimagic war axe (weapon)
Armour
 q - a +0 scale mail (worn)
 y - a scarf of cloud immunity (worn)
Jewellery
 p - a +6 ring of intelligence (left hand)
 v - an uncursed ring of protection from fire {unknown}
Wands
 l - a wand of acid (9)
 w - a wand of digging (3)
 x - a wand of clouds (4)
Scrolls
 a - a scroll of enchant armour {unknown}
 b - a scroll of fog {unknown}
 d - a scroll of fear {unknown}
 f - 4 scrolls of identify
 h - 7 scrolls of enchant weapon {unknown}
 k - a scroll of blinking {unknown}
 m - 3 scrolls of remove curse {unknown}
 n - a scroll of magic mapping {unknown}
 o - 2 scrolls of immolation {unknown}
 r - a scroll of teleportation {unknown}
Potions
 e - 4 potions of curing
 g - 3 potions of haste
 i - a potion of lignification
 s - a potion of invisibility {unknown}
 t - a potion of flight {unknown}
 u - a potion of agility
Comestibles
 c - 15 rations
 z - a chunk of flesh


   Skills:
 + Level 7.8 Fighting
 * Level 10.3 Axes
 + Level 7.2 Armour
 - Level 2.1 Dodging


You had 7 spell levels left.
You didn't know any spells.
Your spell library was empty.

Dungeon Overview and Level Annotations

Branches:
Dungeon (7/15)
 Temple: D:4-7

Altars:
Kikubaaqudgha
Trog

Shops:
D:4 *


Innate Abilities, Weirdness & Mutations

You reflexively headbutt those who attack you in melee.
You have a pair of horns on your head.


Message History

You feel very sick. The gnoll hits you.
* * * LOW HITPOINT WARNING * * *
You closely miss the gnoll shaman.
* * * LOW HITPOINT WARNING * * *
You feel very sick.
The gnoll shaman hits you with a cursed +0 club.
* * * LOW HITPOINT WARNING * * *
You hit the gnoll shaman but do no damage.
* * * LOW HITPOINT WARNING * * *
You feel sick. The gnoll shaman misses you.
You slash the gnoll shaman! You headbutt the gnoll shaman.
You kill the gnoll shaman!
Trog accepts your kill.
* * * LOW HITPOINT WARNING * * *
You feel sick. The gnoll hits you but does no damage.
You closely miss the gnoll.
* * * LOW HITPOINT WARNING * * *
You feel sick. The gnoll hits you!
You die...

#..# #..# #..# # #..#
.###.####..#
.....>g....##
##........#
............##########
##..........gg@......#
#.########..#######.####
5.
#..............†..######
.
#.####.#######.##.#<...#
#.. #.#.....#.# ##.#
#.#####.# .# #.# .# .#
#.# .# .. #.# .#


You could see 2 gnolls.

Vanquished Creatures
  Pikel (D:6)
  2 eyes of draining (D:4)
  2 ogres
  3 scorpions
  5 killer bees (D:7)
  3 crimson imps
  A gnoll shaman (D:7)
  An orc priest (D:5)
  A hound (D:6)
  2 bullfrog skeletons
  Jessica (D:3)
  Natasha (thrice) (D:3)
  An orc wizard (D:2)
  3 worker ants
  6 gnolls
  6 adders
  A shadow imp (D:6)
  An ooze (D:6)
  An adder zombie (D:6)
  3 worms
  4 dart slugs
  A leopard gecko (D:6)
  13 orcs
  A ball python (D:2)
  4 giant cockroaches
  4 goblins
  2 hobgoblins
  2 jackals (D:1)
  10 kobolds
  5 quokkas
  A ball python zombie (D:6)
  4 bats
  5 frilled lizards
  A quokka zombie (D:6)
  2 rats
106 creatures vanquished.

Notes
Turn   | Place    | Note
-------+----------+-------------------------------------------
     0 | D:1      | Flubbersnuff the Minotaur Berserker began the quest for the
                  | Orb.
     0 | D:1      | Reached XP level 1. HP: 19/19 MP: 0/0
    99 | D:1      | Reached skill level 4 in Axes
    99 | D:1      | Reached XP level 2. HP: 27/27 MP: 1/1
   252 | D:1      | Reached XP level 3. HP: 33/33 MP: 2/2
   646 | D:1      | Reached ** piety under Trog
   970 | D:2      | Found a faded altar of an unknown god.
  1119 | D:2      | Reached XP level 4. HP: 40/40 MP: 3/3
  1125 | D:2      | Reached skill level 5 in Axes
  1809 | D:3      | Noticed Natasha
  1813 | D:3      | Killed Natasha
  1864 | D:3      | Noticed Natasha
  1871 | D:3      | Killed Natasha
  1871 | D:3      | Reached XP level 5. HP: 43/47 MP: 4/4
  1880 | D:3      | Noticed Jessica
  1884 | D:3      | Killed Jessica
  1929 | D:3      | Noticed Natasha
  2163 | D:3      | Killed Natasha
  2163 | D:3      | Reached skill level 6 in Axes
  2714 | D:4      | Reached skill level 5 in Fighting
  2843 | D:4      | Reached XP level 6. HP: 46/56 MP: 5/5
  2973 | D:4      | Reached *** piety under Trog
  3070 | D:4      | Found a bloodstained altar of Trog.
  3082 | D:4      | Reached skill level 7 in Axes
  3082 | D:4      | Reached skill level 5 in Armour
  3082 | D:4      | Reached XP level 7. HP: 62/62 MP: 0/6
  3206 | D:4      | Found Xessaxt's Assorted Antiques.
  3275 | D:4      | Found an ancient bone altar of Kikubaaqudgha.
  3652 | D:5      | Entered Level 5 of the Dungeon
  4042 | D:5      | Reached skill level 8 in Axes
  4975 | D:6      | Noticed Pikel
  4982 | D:6      | Killed Pikel
  4982 | D:6      | Reached skill level 9 in Axes
  4982 | D:6      | Reached XP level 8. HP: 62/73 MP: 2/7
  5834 | D:7      | Reached skill level 10 in Axes
  5851 | D:7      | Slain by a gnoll

Levels and vault maps discovered:
D:1:      nicolae_arrival_memento_mori, layout_loops_ring
D:2:      layout_basic, chequers_ecumenical_altar_simple_redux, first_ration
D:3:      layout_loops_corners, minivault_14, minivault_27, uniq_natasha,
          uniq_jessica
D:4:      layout_layer_cave, lemuel_doored_altar, serial_shops,
          kennysheep_mini_moat, minivault_23, trog_eyes_of_draining
D:5:      layout_loops_ring
D:6:      layout_layer_cave, uniq_pikel
D:7:      layout_basic, minmay_temple_entry_waves

Skill      XL: |  1  2  3  4  5  6  7  8 |
---------------+-------------------------+-----
Axes           | 4 5 6 7 9 10 | 10.3
Fighting       | 4 5 7 |  7.8
Armour         | 3 4 5 6 7 |  7.2
Dodging        | |  2.1

Action                   |  1- 3 |  4- 6 |  7- 9 || total
-------------------------+-------+-------+-------++-------
Melee: Hand axe          |    66 |    74 |     8 ||   148
       Headbutt          |    10 |    21 |    15 ||    46
       War axe           |       |       |   102 ||   102
Invok: Berserk           |       |     1 |     2 ||     3
  Use: Scroll            |       |     5 |       ||     5
  Eat: Chunk             |     1 |     7 |     3 ||    11
       Ration            |       |       |     2 ||     2
Armor: Animal skin       |     8 |       |       ||     8
       Scale mail        |       |    17 |    30 ||    47
Dodge: Dodged            |    47 |    38 |    65 ||   150

Table legend:
 A = Non-vault XP
 B = Vault XP
 C = Vault XP percentage of total XP
 D = Non-vault monster count
 E = Vault monster count
 F = Vault count percentage of total count
                 A         B        C        D         E       F
            +---------+---------+-------+---------+---------+-------
      Total |    1621 |     973 |  37.5 |      99 |       7 |   6.6
            +---------+---------+-------+---------+---------+-------
        D:1 |      53 |       0 |   0.0 |      23 |       0 |   0.0
        D:2 |     100 |       0 |   0.0 |      20 |       0 |   0.0
        D:3 |      80 |      72 |  47.4 |       6 |       2 |  25.0
        D:4 |     299 |     250 |  45.5 |      13 |       4 |  23.5
        D:5 |     367 |       0 |   0.0 |      14 |       0 |   0.0
        D:6 |     285 |     651 |  69.6 |      14 |       1 |   6.7
        D:7 |     437 |       0 |   0.0 |       9 |       0 |   0.0
            +---------+---------+-------+---------+---------+-------
